 Dungeon Crawl Stone Soup version 0.30-a0-389-g8d7d949f56 (webtiles) character file.

Game seed: 6834976774509735413

214 arthad the Grave Robber (level 5, -6/41 HPs)
             Began as a Gnoll Wanderer on Dec 3, 2022.
             Was an Initiate of Gozag.
             Mangled by Grinder (9 damage)
             ... on level 3 of the Dungeon.
             The game lasted 00:06:15 (2172 turns).

arthad the Grave Robber (Gnoll Wanderer)            Turns: 2172, Time: 00:06:16

Health: -6/41      AC:  3    Str: 11    XL:     5   Next: 91%
Magic:  5/10       EV: 11    Int: 17    God:    Gozag
Gold:   63         SH:  0    Dex:  8    Spells: 5/10 levels left

rFire   . . .      SeeInvis .    a - +0 rapier
rCold   . . .      Faith    .    (no shield)
rNeg    . . .      Spirit   .    d - +0 robe
rPois   .          Reflect  .    (no helmet)
rElec   .          Harm     .    (no cloak)
rCorr   .          Rampage  .    (no gloves)
Will    .....                    b - +0 pair of boots
Stlth   ++........               (no amulet)
HPRegen 0.26/turn                (no ring)
MPRegen 0.12/turn                (no ring)

@: no status effects
A: fangs 1, strong nose, distributed training
a: Renounce Religion, Potion Petition, Call Merchant, Bribe Branch


You were on level 3 of the Dungeon.
You worshipped Gozag.
Gozag was noncommittal.
You visited 1 branch of the dungeon, and saw 3 of its levels.

You collected 73 gold pieces.
You paid 10 gold pieces to Gozag.

Inventory:

Hand Weapons
 a - a +0 rapier (weapon)
Armour
 b - a +0 pair of boots (worn)
 d - a +0 robe (worn)
 m - a +4 scale mail
 s - a +0 pair of gloves
Magical Staves
 t - a staff of poison
Scrolls
 e - 3 scrolls of identify {unknown}
 f - a scroll of enchant armour {unknown}
 h - 2 scrolls of butterflies {unknown}
 i - 4 scrolls of poison {unknown}
 k - 2 scrolls of brand weapon {unknown}
 l - a scroll of teleportation {unknown}
 o - a scroll of fear {unknown}
 p - a scroll of blinking {unknown}
Potions
 c - 2 potions of invisibility
 g - 2 potions of haste {unknown}
 j - a potion of ambrosia {unknown}
 n - a potion of lignification {unknown}
 q - 2 potions of mutation {unknown}
 r - a potion of cancellation {unknown}


   Skills:
 + Level 3.1 Fighting
 + Level 4.9 Short Blades
 + Level 1.8 Long Blades
 + Level 1.8 Axes
 + Level 1.8 Maces & Flails
 + Level 1.8 Polearms
 + Level 1.8 Staves
 + Level 1.8 Ranged Weapons
 + Level 1.8 Throwing
 + Level 3.1 Armour
 + Level 1.8 Dodging
 + Level 4.5 Stealth
 + Level 1.8 Shields
 + Level 1.8 Unarmed Combat
 + Level 3.3 Spellcasting
 + Level 1.4 Conjurations
 + Level 1.4 Hexes
 + Level 1.4 Summonings
 + Level 5.6 Necromancy
 + Level 1.4 Translocations
 + Level 1.4 Transmutations
 + Level 1.4 Fire Magic
 + Level 1.4 Ice Magic
 + Level 1.4 Air Magic
 + Level 1.4 Earth Magic
 + Level 1.4 Poison Magic
 + Level 2.0 Invocations
 + Level 1.8 Evocations


You had 5 spell levels left.
You knew the following spells:

 Your Spells              Type           Power      Damage    Failure   Level
a - Necrotise             Necr           88%        1d8       1%          1
b - Vampiric Draining     Necr           22%        2d7       4%          3
c - Magic Dart            Conj           28%        1d4       10%         1

Your spell library contained the following spells:

 Spells                   Type           Power      Damage    Failure   Level
 Searing Ray              Conj           14%        2d5       14%         2
 Fulminant Prism          Conj/Hex       3%         3d5       67%         4


Dungeon Overview and Level Annotations

Branches:
Dungeon (3/15)

Altars:
Gozag

Annotations:
D:3 Grinder


Innate Abilities, Weirdness & Mutations

You have very sharp teeth.
Your uncanny sense of smell can sniff out nearby items.
Your experience applies equally to all skills.


Message History

Press: ? - help, Shift-Dir - straight line, f/p - Grinder
Aim: Grinder (heavily wounded, 100% to hit)
The magic dart hits Grinder but does no damage.
Grinder is heavily wounded.
You barely miss Grinder.
Grinder is heavily wounded.
Grinder closely misses you.
You hit Grinder.
Grinder is severely wounded.
Grinder hits you.
You writhe in agony.
You hit Grinder.
Grinder is severely wounded.
Grinder barely misses you.
You hit Grinder.
Grinder is almost dead.
Grinder closely misses you.
You closely miss Grinder. You bite Grinder, but do no damage.
Grinder is almost dead.
Grinder gestures at you.
You suddenly lose the ability to move!
Grinder gestures at you.
You shrug off the repeated paralysis!
Grinder hits you!
* * * LOW HITPOINT WARNING * * *
Grinder says, "My boss said I was rubbish.
His entrails said otherwise."
Grinder hits you.
* * * LOW HITPOINT WARNING * * *
You writhe in agony.
* * * LOW HITPOINT WARNING * * *
You can move again.
Unknown command.
Unknown command.
Casting: Magic Dart (safe; 10% risk of failure)
Confirm with . or Enter, or press ? or * to list all spells.
Okay, then.
You hit Grinder. You bite Grinder, but do no damage.
Grinder is almost dead.
Grinder hits you!
You die...
Your body crumbles into a pile of gold.

..# #.# #.# #.#
#.. #.# #####5#
#...#@###!#
#.........#
#..)#.###.#
##.##.# #. #.# #
#.## #
#..##########
##.##............
.........########


You could see Grinder.

Vanquished Creatures
  Sigmund (D:2)
  An adder (D:2)
  3 worms
  3 dart slugs
  An orc (D:3)
  A bat (D:1)
  7 endoplasms
  2 giant cockroaches
  2 goblins (D:1)
  3 hobgoblins
  2 jackals (D:1)
  2 quokkas (D:1)
  4 ball pythons
  4 frilled lizards
  3 kobolds
  A rat (D:1)
40 creatures vanquished.

Vanquished Creatures (collateral kills)
  A jackal (D:1)
1 creature vanquished.

Grand Total: 41 creatures vanquished

Notes
Turn   | Place    | Note
-------+----------+-------------------------------------------
     0 | D:1      | arthad the Gnoll Wanderer began the quest for the Orb.
     0 | D:1      | arthad set off with the following items: a +0 rapier, a +0
                  | pair of boots, a potion of invisibility, a +0 robe; and the
                  | following spell memorised: Necrotise; and the following
                  | spells available to memorise: Vampiric Draining.
     0 | D:1      | Reached XP level 1. HP: 17/17 MP: 4/4
   118 | D:1      | Reached XP level 2. HP: 23/23 MP: 1/5
   641 | D:1      | Reached XP level 3. HP: 28/28 MP: 5/7
   892 | D:2      | Found a faded altar of an unknown god.
   905 | D:2      | Learned a level 3 spell: Vampiric Draining
  1004 | D:2      | Reached skill level 1 in Invocations
  1272 | D:2      | Noticed Sigmund
  1277 | D:2      | Killed Sigmund
  1278 | D:2      | Reached skill level 1 in Long Blades
  1278 | D:2      | Reached skill level 1 in Axes
  1278 | D:2      | Reached skill level 1 in Maces & Flails
  1278 | D:2      | Reached skill level 1 in Polearms
  1278 | D:2      | Reached skill level 1 in Staves
  1278 | D:2      | Reached skill level 1 in Ranged Weapons
  1278 | D:2      | Reached skill level 1 in Throwing
  1278 | D:2      | Reached skill level 1 in Dodging
  1278 | D:2      | Reached skill level 1 in Shields
  1278 | D:2      | Reached skill level 1 in Unarmed Combat
  1278 | D:2      | Reached skill level 1 in Conjurations
  1278 | D:2      | Reached skill level 1 in Hexes
  1278 | D:2      | Reached skill level 1 in Summonings
  1278 | D:2      | Reached skill level 1 in Translocations
  1278 | D:2      | Reached skill level 1 in Transmutations
  1278 | D:2      | Reached skill level 1 in Fire Magic
  1278 | D:2      | Reached skill level 1 in Ice Magic
  1278 | D:2      | Reached skill level 1 in Air Magic
  1278 | D:2      | Reached skill level 1 in Earth Magic
  1278 | D:2      | Reached skill level 1 in Poison Magic
  1278 | D:2      | Reached skill level 1 in Evocations
  1278 | D:2      | Reached XP level 4. HP: 35/35 MP: 2/8
  1278 | D:2      | Reached XP level 5. HP: 41/41 MP: 2/9
  1919 | D:2      | Found an opulent altar of Gozag.
  1960 | D:2      | Became a worshipper of Gozag Ym Sagoz the Greedy
  2048 | D:3      | Learned a level 1 spell: Magic Dart
  2144 | D:3      | Noticed Grinder
  2156 | D:3      | Paralysed by Grinder for 5 turns
  2168 | D:3      | Paralysed by Grinder for 4 turns
  2171 | D:3      | HP: 2/41 [Grinder (4)]
  2172 | D:3      | Mangled by Grinder

Illustrated notes

Levels and vault maps discovered:
D:1:      amcnicky_arrival_flooded_fountain, layout_rooms
D:2:      layout_basic, basic_altar, basic_ecumenical_altar, uniq_sigmund
D:3:      layout_loops_ring, fedhas_altar_1, nicolae_underground_beach,
          uniq_grinder, uniq_crazy_yiuf_cottage

Skill      XL: |  1  2  3  4  5 |
---------------+----------------+-----
Invocations    | 1 2 |  2.0
Fighting       | 3 |  3.1
Long Blades    | 1 |  1.8
Axes           | 1 |  1.8
Maces & Flails | 1 |  1.8
Polearms       | 1 |  1.8
Staves         | 1 |  1.8
Ranged Weapons | 1 |  1.8
Throwing       | 1 |  1.8
Armour         | 3 |  3.1
Dodging        | 1 |  1.8
Shields        | 1 |  1.8
Unarmed Combat | 1 |  1.8
Spellcasting   | 3 |  3.3
Conjurations   | 1 |  1.4
Hexes          | 1 |  1.4
Summonings     | 1 |  1.4
Translocations | 1 |  1.4
Transmutations | 1 |  1.4
Fire Magic     | 1 |  1.4
Ice Magic      | 1 |  1.4
Air Magic      | 1 |  1.4
Earth Magic    | 1 |  1.4
Poison Magic   | 1 |  1.4
Evocations     | 1 |  1.8
Short Blades   | |  4.9
Stealth        | |  4.5
Necromancy     | |  5.6

Action                   |  1- 3 |  4- 6 || total
-------------------------+-------+-------++-------
Melee: Rapier            |     4 |    17 ||    21
       Bite              |     1 |     4 ||     5
 Cast: Necrotise         |    51 |    36 ||    87
       Magic Dart        |       |     8 ||     8
Armor: Robe              |     2 |       ||     2
Dodge: Dodged            |     5 |     8 ||    13

Table legend: (Time is in decaauts)
 A = Elapsed time spent in this place.
 B = Non-inter-level travel time spent in this place.
 C = Inter-level travel time spent in this place.
 D = Time resting spent in this place.
 E = Time spent auto-exploring this place.
 F = Levels seen in this place.
 G = Mean time per level.
                   A        B        C        D        E       F      G
               +--------+--------+--------+--------+--------+-----+--------+
         Total |   2170 |   2076 |     94 |     73 |   1723 |   3 |  723.3 |
       Dungeon |   2170 |   2076 |     94 |     73 |   1723 |   3 |  723.3 |
               +--------+--------+--------+--------+--------+-----+--------+

Top non-repeatable levels by time:
     D:2: 1074 daAuts
     D:1: 891 daAuts
     D:3: 204 daAuts
